| TOP OF THE 1ST |
|
Houston Astros batting - Pitching for Chicago Cubs : RHP Bert Blyleven
|
|
Pitching: RHP Bert Blyleven
|
|
|
Batting: RHB Mickey Hatcher
|
0-0: Called Strike 0-1: Swinging Strike 0-2: Ball 1-2: Fly out, F9 (Flyball, 9LM, EV 97.5 MPH)
|
|
Batting: SHB Tom Herr
|
0-0: Ball 1-0: Ball 2-0: Called Strike 2-1: Ball 3-1: Base on Balls
|
|
Batting: LHB Jose Cruz
|
0-0: Called Strike 0-1: Ball 1-1: Ball 2-1: Called Strike 2-2: Foul Ball, location: 2F 2-2: Foul Ball, location: 2F 2-2: SINGLE (Groundball, 6D, EV 95.6 MPH) Tom Herr to second
|
|
Batting: RHB Julio Franco
|
0-0: Ball 1-0: Ball 2-0: Called Strike 2-1: SINGLE (Groundball, 6M, EV 103.1 MPH) (infield hit) Tom Herr to third Jose Cruz to second
|
|
Batting: SHB Christopher Clark
|
0-0: Foul Ball, location: 2F 0-1: Swinging Strike 0-2: Ball 1-2: Ball 2-2: Ball 3-2: Base on Balls Tom Herr scores Jose Cruz to third Julio Franco to second
|
|
Batting: RHB Zail Smith
|
0-0: Ball 1-0: Ball 2-0: Swinging Strike 2-1: Foul Ball, location: 2F 2-2: Fly out, F7 (Flyball, 7LD, EV 101.9 MPH) Runner from 3rd tags up, OUT at HOME! 7-2
|
| Top of the 1st over - 1 run, 2 hits, 0 errors, 2 left on base; Houston 1 - Chicago 0 |
| BOTTOM OF THE 1ST |
|
Chicago Cubs batting - Pitching for Houston Astros : RHP Rick Camp
|
|
Pitching: RHP Rick Camp
|
|
|
Batting: LHB Gerald Perry
|
0-0: Ball 1-0: Called Strike 1-1: Fly out, F8 (Flyball, 8RM, EV 93.1 MPH)
|
|
Batting: RHB Bill Madlock
|
0-0: Ball 1-0: Called Strike 1-1: Foul Ball, location: 2F 1-2: Ball 2-2: Ball 3-2: Base on Balls
|
|
Batting: LHB Dave Bergman
|
0-0: Ball 1-0: Ball Bill Madlock steals 2nd base (no throw) 2-0: Called Strike 2-1: SINGLE (Flyball, 3D, EV 95.6 MPH) Bill Madlock to third Runner from 3rd tries for Home, SAFE, throw by RF to home
|
|
Batting: RHB Jim Rice
|
0-0: Ball 1-0: Ball 2-0: Foul Ball, location: 2F 2-1: Foul Ball, location: 2F 2-2: Reached on error, E6 (Groundball, 6, EV 103.8 MPH) Dave Bergman to second
|
|
Batting: RHB Gary Ward
|
0-0: Ball 1-0: Called Strike 1-1: Swinging Strike 1-2: Foul Ball, location: 2F 1-2: Strikes out looking
|
|
Batting: RHB Fran Mullins
|
0-0: Called Strike 0-1: Ball 1-1: Swinging Strike 1-2: Ball 2-2: Strikes out swinging
|
| Bottom of the 1st over - 1 run, 1 hit, 1 error, 2 left on base; Houston 1 - Chicago 1 |
| TOP OF THE 2ND |
|
Houston Astros batting - Pitching for Chicago Cubs : RHP Bert Blyleven
|
|
Batting: RHB Dave Valle
|
0-0: Swinging Strike 0-1: Swinging Strike 0-2: Foul Ball, location: 2F 0-2: Ball 1-2: SOLO HOME RUN (Flyball, 78XD, EV 93.8 MPH), Distance : 434 ft
|
|
Batting: RHB Ricky Adams
|
0-0: Ball 1-0: Ball 2-0: Ball 3-0: Base on Balls
|
|
Batting: RHB Rick Camp
|
0-0: Sac Bunt to 2L - play at first, batter OUT! 2-4 Ricky Adams to second
|
|
Batting: RHB Mickey Hatcher
|
0-0: Ground out 5-3 (Groundball, 5S, EV 76.3 MPH) Ricky Adams to third
|
|
Batting: SHB Tom Herr
|
0-0: Ball 1-0: Ball 2-0: Foul Ball, location: 2F 2-1: Foul Ball, location: 2F 2-2: Ball 3-2: SINGLE (Groundball, 23, EV 68.1 MPH) (infield hit) Ricky Adams scores
|
|
Batting: LHB Jose Cruz
|
0-0: Ball 1-0: Called Strike 1-1: Fly out, F7 (Flyball, 7D, EV 103.1 MPH)
|
| Top of the 2nd over - 2 runs, 2 hits, 0 errors, 1 left on base; Houston 3 - Chicago 1 |
| BOTTOM OF THE 2ND |
|
Chicago Cubs batting - Pitching for Houston Astros : RHP Rick Camp
|
|
Batting: RHB Rick Cerone
|
0-0: Ball 1-0: Fly out, F9 (Line Drive, 9, EV 89.4 MPH)
|
|
Batting: RHB Willie Randolph
|
0-0: Swinging Strike 0-1: Swinging Strike 0-2: Strikes out looking
|
|
Batting: RHB Bert Blyleven
|
0-0: Called Strike 0-1: Called Strike 0-2: Strikes out swinging
|
| Bottom of the 2nd over - 0 runs, 0 hits, 0 errors, 0 left on base; Houston 3 - Chicago 1 |
| TOP OF THE 3RD |
|
Houston Astros batting - Pitching for Chicago Cubs : RHP Bert Blyleven
|
|
Batting: RHB Julio Franco
|
0-0: Ground out 6-3 (Groundball, 56D, EV 104.4 MPH)
|
|
Batting: SHB Christopher Clark
|
0-0: DOUBLE (Flyball, 8LXD, EV 96.9 MPH)
|
|
Batting: RHB Zail Smith
|
0-0: Called Strike 0-1: Ball 1-1: Ground out 6-3 (Groundball, 6, EV 88.8 MPH) Christopher Clark to third
|
|
Batting: RHB Dave Valle
|
0-0: Called Strike 0-1: Ball 1-1: Ball 2-1: DOUBLE (Line Drive, 8RXD, EV 110.0 MPH) Christopher Clark scores
|
|
Batting: RHB Ricky Adams
|
0-0: Intentional Walk
|
|
Batting: RHB Rick Camp
|
0-0: Swinging Strike 0-1: Ground out 5-3 (Groundball, 56S, EV 83.8 MPH)
|
| Top of the 3rd over - 1 run, 2 hits, 0 errors, 2 left on base; Houston 4 - Chicago 1 |
| BOTTOM OF THE 3RD |
|
Chicago Cubs batting - Pitching for Houston Astros : RHP Rick Camp
|
|
Batting: LHB Gerald Perry
|
0-0: DOUBLE (Line Drive, 7LD, EV 106.3 MPH)
|
|
Batting: RHB Bill Madlock
|
0-0: Ball 1-0: Ball 2-0: Fly out, F8 (Flyball, 8RXD, EV 101.9 MPH) Runner from 2nd tags up, SAFE at 3rd, no throw by CF
|
|
Batting: LHB Dave Bergman
|
0-0: Ball 1-0: Foul Ball, location: 2F 1-1: Called Strike 1-2: Foul Ball, location: 2F 1-2: Fly out, F7 (Flyball, 7D, EV 96.9 MPH) Runner from 3rd tags up, SCORES, no throw by LF
|
|
Batting: RHB Jim Rice
|
0-0: Ground out 6-3 (Groundball, 6, EV 91.3 MPH)
|
| Bottom of the 3rd over - 1 run, 1 hit, 0 errors, 0 left on base; Houston 4 - Chicago 2 |
| TOP OF THE 4TH |
|
Houston Astros batting - Pitching for Chicago Cubs : RHP Bert Blyleven
|
|
Batting: RHB Mickey Hatcher
|
0-0: Called Strike 0-1: Swinging Strike 0-2: Foul Ball, location: 2F 0-2: Strikes out swinging
|
|
Batting: SHB Tom Herr
|
0-0: Swinging Strike 0-1: Fly out, F9 (Line Drive, 9, EV 110.6 MPH)
|
|
Batting: LHB Jose Cruz
|
0-0: Ball 1-0: Swinging Strike 1-1: SINGLE (Line Drive, 9S, EV 103.1 MPH)
|
|
Batting: RHB Julio Franco
|
Pickoff Throw to First - Out! 1-3
|
| Top of the 4th over - 0 runs, 1 hit, 0 errors, 0 left on base; Houston 4 - Chicago 2 |
| BOTTOM OF THE 4TH |
|
Chicago Cubs batting - Pitching for Houston Astros : RHP Rick Camp
|
|
Batting: RHB Gary Ward
|
0-0: Fly out, F9 (Flyball, 9D, EV 93.1 MPH)
|
|
Batting: RHB Fran Mullins
|
0-0: Ball 1-0: Foul Ball, location: 2F 1-1: Swinging Strike 1-2: Foul Ball, location: 2F 1-2: Strikes out looking
|
|
Batting: RHB Rick Cerone
|
0-0: Ball 1-0: Foul Ball, location: 2F 1-1: DOUBLE (Line Drive, 78D, EV 106.3 MPH)
|
|
Batting: RHB Willie Randolph
|
0-0: Ball 1-0: Fly out, F8 (Line Drive, 8RM, EV 84.4 MPH)
|
| Bottom of the 4th over - 0 runs, 1 hit, 0 errors, 1 left on base; Houston 4 - Chicago 2 |
| TOP OF THE 5TH |
|
Houston Astros batting - Pitching for Chicago Cubs : RHP Bert Blyleven
|
|
Batting: RHB Julio Franco
|
0-0: Ball 1-0: Swinging Strike 1-1: Ball 2-1: Foul Ball, location: 2F 2-2: Foul Ball, location: 2F 2-2: Fly out, F8 (Flyball, 8RD, EV 98.8 MPH)
|
|
Batting: SHB Christopher Clark
|
0-0: Swinging Strike 0-1: Foul Ball, location: 2F 0-2: Strikes out swinging
|
|
Batting: RHB Zail Smith
|
0-0: Ball 1-0: Ball 2-0: SINGLE (Line Drive, 6D, EV 97.5 MPH)
|
|
Batting: RHB Dave Valle
|
0-0: Ball 1-0: Ball Zail Smith steals 2nd base 2-0: Called Strike 2-1: Ball 3-1: Foul Ball, location: 2F 3-2: Fly out, F5 (Popup, 5, EV 63.8 MPH)
|
| Top of the 5th over - 0 runs, 1 hit, 0 errors, 1 left on base; Houston 4 - Chicago 2 |
| BOTTOM OF THE 5TH |
|
Chicago Cubs batting - Pitching for Houston Astros : RHP Rick Camp
|
|
Batting: RHB Bert Blyleven
|
0-0: Foul Ball, location: 2F 0-1: Ball 1-1: Swinging Strike 1-2: Ball 2-2: Strikes out swinging
|
|
Batting: LHB Gerald Perry
|
0-0: Ball 1-0: Ball 2-0: Ball 3-0: Called Strike 3-1: Foul Ball, location: 2F 3-2: DOUBLE (Line Drive, 7LS, EV 96.9 MPH)
|
|
Batting: RHB Bill Madlock
|
0-0: Called Strike 0-1: Ball 1-1: Ground out 6-3 (Groundball, 56, EV 103.8 MPH)
|
|
Batting: LHB Dave Bergman
|
0-0: Ground out 4-3 (Groundball, 4, EV 78.8 MPH)
|
| Bottom of the 5th over - 0 runs, 1 hit, 0 errors, 1 left on base; Houston 4 - Chicago 2 |
| TOP OF THE 6TH |
|
Houston Astros batting - Pitching for Chicago Cubs : RHP Bert Blyleven
|
|
Batting: RHB Ricky Adams
|
0-0: Ball 1-0: Fly out, F2 (Popup, 2RF, EV 95.6 MPH)
|
|
Batting: RHB Rick Camp
|
0-0: Called Strike 0-1: Ball 1-1: Ball 2-1: Swinging Strike 2-2: Foul Ball, location: 2F 2-2: Strikes out swinging
|
|
Batting: RHB Mickey Hatcher
|
0-0: Fly out, F9 (Flyball, 9LD, EV 100.0 MPH)
|
| Top of the 6th over - 0 runs, 0 hits, 0 errors, 0 left on base; Houston 4 - Chicago 2 |
| BOTTOM OF THE 6TH |
|
Chicago Cubs batting - Pitching for Houston Astros : RHP Rick Camp
|
|
Batting: RHB Jim Rice
|
0-0: Ball 1-0: Ball 2-0: SOLO HOME RUN (Line Drive, 7D, EV 100.0 MPH), Distance : 397 ft
|
|
Batting: RHB Gary Ward
|
0-0: Ball 1-0: Ball 2-0: Ground out 6-3 (Groundball, 6, EV 87.5 MPH)
|
|
Batting: RHB Fran Mullins
|
0-0: Called Strike 0-1: Ball 1-1: Called Strike 1-2: SINGLE (Groundball, 6D, EV 102.5 MPH)
|
|
Batting: RHB Rick Cerone
|
0-0: Ball 1-0: Ball 2-0: Ball 3-0: Base on Balls Fran Mullins to second
|
|
Batting: RHB Willie Randolph
|
0-0: Ball 1-0: Swinging Strike 1-1: Ball 2-1: Fielders Choice at 2nd, 2-4 (Groundball, 2L, EV 68.8 MPH) Fran Mullins to third
|
|
Batting: RHB Bert Blyleven
|
0-0: Ball 1-0: Called Strike 1-1: Ball 2-1: Foul Ball, location: 2F 2-2: Strikes out looking
|
| Bottom of the 6th over - 1 run, 2 hits, 0 errors, 2 left on base; Houston 4 - Chicago 3 |
| TOP OF THE 7TH |
|
Houston Astros batting - Pitching for Chicago Cubs : RHP Bert Blyleven
|
|
Batting: SHB Tom Herr
|
0-0: Called Strike 0-1: Swinging Strike 0-2: Ball 1-2: Ground out 6-3 (Groundball, 6, EV 90.6 MPH)
|
|
Pitching: RHP Robert Weismiller
|
|
|
Batting: LHB Jose Cruz
|
0-0: Ball 1-0: Foul Ball, location: 2F 1-1: Ball 2-1: Ball 3-1: Base on Balls
|
|
Batting: RHB Julio Franco
|
0-0: Ball 1-0: Ball 2-0: Called Strike 2-1: Fly out, F8 (Line Drive, 8RM, EV 97.5 MPH)
|
|
Batting: SHB Christopher Clark
|
0-0: Ball 1-0: Called Strike 1-1: Called Strike 1-2: Foul Ball, location: 2F 1-2: Fly out, F9 (Flyball, 9LM, EV 96.3 MPH)
|
| Top of the 7th over - 0 runs, 0 hits, 0 errors, 1 left on base; Houston 4 - Chicago 3 |
| BOTTOM OF THE 7TH |
|
Chicago Cubs batting - Pitching for Houston Astros : RHP Rick Camp
|
|
Batting: LHB Gerald Perry
|
0-0: Ball 1-0: Ball 2-0: Ball 3-0: Called Strike 3-1: Ground out U3 (Groundball, 3L, EV 98.1 MPH)
|
|
Batting: RHB Bill Madlock
|
0-0: SINGLE (Flyball, 9S, EV 96.9 MPH)
|
|
Batting: LHB Dave Bergman
|
0-0: Ball 1-0: SINGLE (Flyball, 6MD, EV 97.5 MPH) Bill Madlock to second
|
|
Batting: RHB Jim Rice
|
0-0: Called Strike Bill Madlock steals 3rd base Dave Bergman to second 0-1: Reached on error, E6 (Groundball, 6, EV 82.5 MPH) Bill Madlock scores Dave Bergman scores
|
|
Batting: RHB Gary Ward
|
0-0: Intentional Walk
|
|
Batting: RHB Fran Mullins
|
0-0: Foul Ball, location: 2F 0-1: Ball 1-1: Ball 2-1: Ball 3-1: Base on Balls Jim Rice to third Gary Ward to second
|
|
Batting: RHB Rick Cerone
|
0-0: Ball 1-0: SINGLE (Groundball, 56D, EV 97.5 MPH) Jim Rice scores Gary Ward to third Fran Mullins to second Runner from 3rd tries for Home, SAFE, throw by LF to home
|
|
Pitching: RHP Luis Aponte
|
|
|
Batting: RHB Willie Randolph
|
0-0: Called Strike 0-1: Fielders Choice at 2nd, 5-4 (Groundball, 56S, EV 78.1 MPH) Fran Mullins to third
|
|
Pinch Hitting: RHB Lonnie Smith
|
0-0: Ball Willie Randolph steals 2nd base 1-0: Ground out 4-3 (Groundball, 34, EV 104.4 MPH)
|
| Bottom of the 7th over - 4 runs, 3 hits, 1 error, 2 left on base; Houston 4 - Chicago 7 |
| TOP OF THE 8TH |
|
Houston Astros batting - Pitching for Chicago Cubs : RHP Robert Weismiller
|
|
Pitching: RHP Bill Greif
|
|
|
Batting: RHB Zail Smith
|
0-0: Ball 1-0: SINGLE (Groundball, 6D, EV 105.0 MPH)
|
|
Batting: RHB Dave Valle
|
0-0: Ball 1-0: Ball 2-0: Called Strike 2-1: Ball 3-1: Swinging Strike 3-2: SINGLE (Groundball, 6MD, EV 106.9 MPH) (infield hit) Zail Smith to second
|
|
Batting: RHB Ricky Adams
|
0-0: Called Strike 0-1: Fly out, F4 (Line Drive, 4, EV 73.8 MPH)
|
|
Pinch Hitting: LHB George Vukovich
|
0-0: Called Strike 0-1: Ball 1-1: Ball 2-1: Foul Ball, location: 2F 2-2: Ground out U3 (Groundball, 34S, EV 64.4 MPH) Zail Smith to third Dave Valle to second
|
|
Batting: RHB Mickey Hatcher
|
0-0: Ball 1-0: SINGLE (Line Drive, 5D, EV 94.4 MPH) Zail Smith scores Dave Valle to third Runner from 3rd tries for Home, SAFE, throw by LF to home
|
|
Batting: SHB Tom Herr
|
|
|
|